Workbook

Sheet Profit and Loss
A1: Line item | B1: Jan | C1: Feb | D1: Mar | E1: Apr | F1: May | G1: Jun | H1: Jul | I1: Aug | J1: Sep | K1: Oct | L1: Nov | M1: Dec | N1: Year | O1: % of revenue
A2: Product sales | B2: 7089 | C2: 9034 | D2: 8701 | E2: 9162 | F2: 10935 | G2: 9529 | H2: 8409 | I2: 9674 | J2: 10511 | K2: 12500 | L2: 16957 | M2: 20773 | N2: =SUM(B2:M2) -> 133274 | O2: =IF($N$6=0,0,N2/$N$6) -> 0.88610086
A3: Wholesale orders | B3: 0 | C3: 1850 | D3: 0 | E3: 0 | F3: 2400 | G3: 0 | H3: 0 | I3: 2100 | J3: 3200 | K3: 2600 | L3: 0 | M3: 0 | N3: =SUM(B3:M3) -> 12150 | O3: =IF($N$6=0,0,N3/$N$6) -> 0.080781889
A4: Shipping charged | B4: 390 | C4: 497 | D4: 479 | E4: 504 | F4: 601 | G4: 524 | H4: 462 | I4: 532 | J4: 578 | K4: 688 | L4: 933 | M4: 1143 | N4: =SUM(B4:M4) -> 7331 | O4: =IF($N$6=0,0,N4/$N$6) -> 0.048741731
A5: Refunds and returns | B5: -93 | C5: -203 | D5: -183 | E5: -115 | F5: -271 | G5: -234 | H5: -172 | I5: -194 | J5: -148 | K5: -152 | L5: -320 | M5: -265 | N5: =SUM(B5:M5) -> -2350 | O5: =IF($N$6=0,0,N5/$N$6) -> -0.015624481
A6: Total revenue | B6: =SUM(B2:B5) -> 7386 | C6: =SUM(C2:C5) -> 11178 | D6: =SUM(D2:D5) -> 8997 | E6: =SUM(E2:E5) -> 9551 | F6: =SUM(F2:F5) -> 13665 | G6: =SUM(G2:G5) -> 9819 | H6: =SUM(H2:H5) -> 8699 | I6: =SUM(I2:I5) -> 12112 | ... M6: =SUM(M2:M5) -> 21651 | N6: =SUM(B6:M6) -> 150405 | O6: =IF($N$6=0,0,N6/$N$6) -> 1
A7: Materials | B7: 1529 | C7: 2365 | D7: 1835 | E7: 2052 | F7: 2977 | G7: 2242 | H7: 1897 | I7: 2699 | J7: 3085 | K7: 3471 | L7: 3794 | M7: 4536 | N7: =SUM(B7:M7) -> 32482 | O7: =IF($N$6=0,0,N7/$N$6) -> 0.21596357
A8: Packaging | B8: 248 | C8: 316 | D8: 305 | E8: 321 | F8: 383 | G8: 334 | H8: 294 | I8: 339 | J8: 368 | K8: 438 | L8: 593 | M8: 727 | N8: =SUM(B8:M8) -> 4666 | O8: =IF($N$6=0,0,N8/$N$6) -> 0.031022905
A9: Shipping labels | B9: 461 | C9: 587 | D9: 566 | E9: 596 | F9: 711 | G9: 619 | H9: 547 | I9: 629 | J9: 683 | K9: 812 | L9: 1102 | M9: 1350 | N9: =SUM(B9:M9) -> 8663 | O9: =IF($N$6=0,0,N9/$N$6) -> 0.057597819
A10: Payment and shop fees | B10: 510 | C10: 650 | D10: 626 | E10: 660 | F10: 787 | G10: 686 | H10: 605 | I10: 697 | J10: 757 | K10: 900 | L10: 1221 | M10: 1496 | N10: =SUM(B10:M10) -> 9595 | O10: =IF($N$6=0,0,N10/$N$6) -> 0.063794422
A11: Total cost of goods | B11: =SUM(B7:B10) -> 2748 | C11: =SUM(C7:C10) -> 3918 | D11: =SUM(D7:D10) -> 3332 | E11: =SUM(E7:E10) -> 3629 | F11: =SUM(F7:F10) -> 4858 | G11: =SUM(G7:G10) -> 3881 | H11: =SUM(H7:H10) -> 3343 | I11: =SUM(I7:I10) -> 4364 | ... M11: =SUM(M7:M10) -> 8109 | N11: =SUM(B11:M11) -> 55406 | O11: =IF($N$6=0,0,N11/$N$6) -> 0.36837871
A12: Gross profit | B12: =B6-B11 -> 4638 | C12: =C6-C11 -> 7260 | D12: =D6-D11 -> 5665 | E12: =E6-E11 -> 5922 | F12: =F6-F11 -> 8807 | G12: =G6-G11 -> 5938 | H12: =H6-H11 -> 5356 | I12: =I6-I11 -> 7748 | ... N12: =N6-N11 -> 94999 | O12: =IF($N$6=0,0,N12/$N$6) -> 0.63162129
A13: Gross margin | B13: =IF(B6=0,0,B12/B6) -> 0.62794476 | C13: =IF(C6=0,0,C12/C6) -> 0.64949007 | D13: =IF(D6=0,0,D12/D6) -> 0.62965433 | E13: =IF(E6=0,0,E12/E6) -> 0.62003979 | F13: =IF(F6=0,0,F12/F6) -> 0.64449323 | G13: =IF(G6=0,0,G12/G6) -> 0.6047459 | H13: =IF(H6=0,0,H12/H6) -> 0.61570295 | I13: =IF(I6=0,0,I12/I6) -> 0.63969617 | ... N13: =IF(N6=0,0,N12/N6) -> 0.63162129
A14: Studio rent | B14: 950 | C14: 950 | D14: 950 | E14: 950 | F14: 950 | G14: 950 | H14: 950 | I14: 950 | J14: 950 | K14: 950 | L14: 950 | M14: 950 | N14: =SUM(B14:M14) -> 11400 | O14: =IF($N$6=0,0,N14/$N$6) -> 0.075795353
A15: Part-time wages | B15: 1484 | C15: 1483 | D15: 1457 | E15: 1435 | F15: 1369 | G15: 1355 | H15: 1365 | I15: 1328 | J15: 1445 | K15: 2273 | L15: 3229 | M15: 3255 | N15: =SUM(B15:M15) -> 21478 | O15: =IF($N$6=0,0,N15/$N$6) -> 0.1428011
A16: Contractors | B16: 0 | C16: 350 | D16: 0 | E16: 0 | F16: 400 | G16: 0 | H16: 0 | I16: 0 | J16: 350 | K16: 0 | L16: 600 | M16: 0 | N16: =SUM(B16:M16) -> 1700 | O16: =IF($N$6=0,0,N16/$N$6) -> 0.011302816
A17: Software and apps | B17: 170 | C17: 168 | D17: 160 | E17: 162 | F17: 169 | G17: 165 | H17: 170 | I17: 164 | J17: 161 | K17: 166 | L17: 168 | M17: 163 | N17: =SUM(B17:M17) -> 1986 | O17: =IF($N$6=0,0,N17/$N$6) -> 0.013204348
A18: Advertising | B18: 399 | C18: 412 | D18: 443 | E18: 433 | F18: 401 | G18: 407 | H18: 400 | I18: 398 | J18: 435 | K18: 865 | L18: 1410 | M18: 1093 | N18: =SUM(B18:M18) -> 7096 | O18: =IF($N$6=0,0,N18/$N$6) -> 0.047179283
A19: Insurance | B19: 78 | C19: 78 | D19: 78 | E19: 78 | F19: 78 | G19: 78 | H19: 78 | I19: 78 | J19: 78 | K19: 78 | L19: 78 | M19: 78 | N19: =SUM(B19:M19) -> 936 | O19: =IF($N$6=0,0,N19/$N$6) -> 0.0062231974
A20: Utilities | B20: 130 | C20: 148 | D20: 128 | E20: 145 | F20: 127 | G20: 137 | H20: 130 | I20: 132 | J20: 156 | K20: 150 | L20: 133 | M20: 153 | N20: =SUM(B20:M20) -> 1669 | O20: =IF($N$6=0,0,N20/$N$6) -> 0.011096706
A21: Phone and internet | B21: 95 | C21: 95 | D21: 95 | E21: 95 | F21: 95 | G21: 95 | H21: 95 | I21: 95 | J21: 95 | K21: 95 | L21: 95 | M21: 95 | N21: =SUM(B21:M21) -> 1140 | O21: =IF($N$6=0,0,N21/$N$6) -> 0.0075795353
A22: Accounting and legal | B22: 0 | C22: 0 | D22: 650 | E22: 0 | F22: 0 | G22: 0 | H22: 0 | I22: 0 | J22: 0 | K22: 0 | L22: 0 | M22: 180 | N22: =SUM(B22:M22) -> 830 | O22: =IF($N$6=0,0,N22/$N$6) -> 0.0055184336
A23: Office supplies | B23: 50 | C23: 56 | D23: 73 | E23: 65 | F23: 46 | G23: 78 | H23: 50 | I23: 51 | J23: 70 | K23: 54 | L23: 53 | M23: 45 | N23: =SUM(B23:M23) -> 691 | O23: =IF($N$6=0,0,N23/$N$6) -> 0.0045942622
A24: Travel and mileage | B24: 30 | C24: 48 | D24: 36 | E24: 49 | F24: 40 | G24: 43 | H24: 62 | I24: 44 | J24: 48 | K24: 58 | L24: 34 | M24: 33 | N24: =SUM(B24:M24) -> 525 | O24: =IF($N$6=0,0,N24/$N$6) -> 0.0034905754
A25: Other expenses | B25: 53 | C25: 50 | D25: 32 | E25: 30 | F25: 48 | G25: 54 | H25: 30 | I25: 54 | J25: 52 | K25: 43 | L25: 37 | M25: 27 | N25: =SUM(B25:M25) -> 510 | O25: =IF($N$6=0,0,N25/$N$6) -> 0.0033908447
A26: Total operating expenses | B26: =SUM(B14:B25) -> 3439 | C26: =SUM(C14:C25) -> 3838 | D26: =SUM(D14:D25) -> 4102 | E26: =SUM(E14:E25) -> 3442 | F26: =SUM(F14:F25) -> 3723 | G26: =SUM(G14:G25) -> 3362 | H26: =SUM(H14:H25) -> 3330 | I26: =SUM(I14:I25) -> 3294 | ... M26: =SUM(M14:M25) -> 6072 | N26: =SUM(B26:M26) -> 49961 | O26: =IF($N$6=0,0,N26/$N$6) -> 0.33217646
A27: Operating profit | B27: =B12-B26 -> 1199 | C27: =C12-C26 -> 3422 | D27: =D12-D26 -> 1563 | E27: =E12-E26 -> 2480 | F27: =F12-F26 -> 5084 | G27: =G12-G26 -> 2576 | H27: =H12-H26 -> 2026 | I27: =I12-I26 -> 4454 | ... N27: =N12-N26 -> 45038 | O27: =IF($N$6=0,0,N27/$N$6) -> 0.29944483
A28: Loan interest | B28: 62 | C28: 61 | D28: 60 | E28: 59 | F28: 58 | G28: 57 | H28: 56 | I28: 55 | J28: 54 | K28: 53 | L28: 52 | M28: 51 | N28: =SUM(B28:M28) -> 678 | O28: =IF($N$6=0,0,N28/$N$6) -> 0.0045078289
A29: Net profit | B29: =B27-B28 -> 1137 | C29: =C27-C28 -> 3361 | D29: =D27-D28 -> 1503 | E29: =E27-E28 -> 2421 | F29: =F27-F28 -> 5026 | G29: =G27-G28 -> 2519 | H29: =H27-H28 -> 1970 | I29: =I27-I28 -> 4399 | ... N29: =N27-N28 -> 44360 | O29: =IF($N$6=0,0,N29/$N$6) -> 0.294937
A30: Net margin | B30: =IF(B6=0,0,B29/B6) -> 0.15393989 | C30: =IF(C6=0,0,C29/C6) -> 0.30067991 | D30: =IF(D6=0,0,D29/D6) -> 0.16705569 | E30: =IF(E6=0,0,E29/E6) -> 0.25348131 | F30: =IF(F6=0,0,F29/F6) -> 0.36780095 | G30: =IF(G6=0,0,G29/G6) -> 0.25654344 | H30: =IF(H6=0,0,H29/H6) -> 0.22646281 | I30: =IF(I6=0,0,I29/I6) -> 0.36319353 | ... N30: =IF(N6=0,0,N29/N6) -> 0.294937

Sheet Quarters
A1: Line | B1: Q1 | C1: Q2 | D1: Q3 | E1: Q4 | F1: Year
A2: Revenue | B2: =SUM('Profit and Loss'!B6:D6) -> 27561 | C2: =SUM('Profit and Loss'!E6:G6) -> 33035 | D2: =SUM('Profit and Loss'!H6:J6) -> 34952 | E2: =SUM('Profit and Loss'!K6:M6) -> 54857 | F2: =SUM(B2:E2) -> 150405
A3: Cost of goods | B3: =SUM('Profit and Loss'!B11:D11) -> 9998 | C3: =SUM('Profit and Loss'!E11:G11) -> 12368 | D3: =SUM('Profit and Loss'!H11:J11) -> 12600 | E3: =SUM('Profit and Loss'!K11:M11) -> 20440 | F3: =SUM(B3:E3) -> 55406
A4: Gross profit | B4: =SUM('Profit and Loss'!B12:D12) -> 17563 | C4: =SUM('Profit and Loss'!E12:G12) -> 20667 | D4: =SUM('Profit and Loss'!H12:J12) -> 22352 | E4: =SUM('Profit and Loss'!K12:M12) -> 34417 | F4: =SUM(B4:E4) -> 94999
A5: Gross margin | B5: =IF(B2=0,0,B4/B2) -> 0.63724103 | C5: =IF(C2=0,0,C4/C2) -> 0.6256092 | D5: =IF(D2=0,0,D4/D2) -> 0.63950561 | E5: =IF(E2=0,0,E4/E2) -> 0.62739486 | F5: =IF(F2=0,0,F4/F2) -> 0.63162129
A6: Operating expenses | B6: =SUM('Profit and Loss'!B26:D26) -> 11379 | C6: =SUM('Profit and Loss'!E26:G26) -> 10527 | D6: =SUM('Profit and Loss'!H26:J26) -> 10464 | E6: =SUM('Profit and Loss'!K26:M26) -> 17591 | F6: =SUM(B6:E6) -> 49961
A7: Operating profit | B7: =SUM('Profit and Loss'!B27:D27) -> 6184 | C7: =SUM('Profit and Loss'!E27:G27) -> 10140 | D7: =SUM('Profit and Loss'!H27:J27) -> 11888 | E7: =SUM('Profit and Loss'!K27:M27) -> 16826 | F7: =SUM(B7:E7) -> 45038
A8: Net profit | B8: =SUM('Profit and Loss'!B29:D29) -> 6001 | C8: =SUM('Profit and Loss'!E29:G29) -> 9966 | D8: =SUM('Profit and Loss'!H29:J29) -> 11723 | E8: =SUM('Profit and Loss'!K29:M29) -> 16670 | F8: =SUM(B8:E8) -> 44360
A9: Net margin | B9: =IF(B2=0,0,B8/B2) -> 0.21773521 | C9: =IF(C2=0,0,C8/C2) -> 0.30168004 | D9: =IF(D2=0,0,D8/D2) -> 0.33540284 | E9: =IF(E2=0,0,E8/E2) -> 0.303881 | F9: =IF(F2=0,0,F8/F2) -> 0.294937

Sheet Monthly Trend
A1: Month | B1: Revenue | C1: Gross profit | D1: Gross margin | E1: Operating expenses | F1: Net profit | G1: Net margin | H1: Profit so far | I1: Revenue vs last month
A2: Jan | B2: ='Profit and Loss'!B6 -> 7386 | C2: ='Profit and Loss'!B12 -> 4638 | D2: ='Profit and Loss'!B13 -> 0.62794476 | E2: ='Profit and Loss'!B26 -> 3439 | F2: ='Profit and Loss'!B29 -> 1137 | G2: ='Profit and Loss'!B30 -> 0.15393989 | H2: =SUM($F$2:F2) -> 1137
A3: Feb | B3: ='Profit and Loss'!C6 -> 11178 | C3: ='Profit and Loss'!C12 -> 7260 | D3: ='Profit and Loss'!C13 -> 0.64949007 | E3: ='Profit and Loss'!C26 -> 3838 | F3: ='Profit and Loss'!C29 -> 3361 | G3: ='Profit and Loss'!C30 -> 0.30067991 | H3: =SUM($F$2:F3) -> 4498 | I3: =IF(B2=0,0,B3/B2-1) -> 0.51340374
A4: Mar | B4: ='Profit and Loss'!D6 -> 8997 | C4: ='Profit and Loss'!D12 -> 5665 | D4: ='Profit and Loss'!D13 -> 0.62965433 | E4: ='Profit and Loss'!D26 -> 4102 | F4: ='Profit and Loss'!D29 -> 1503 | G4: ='Profit and Loss'!D30 -> 0.16705569 | H4: =SUM($F$2:F4) -> 6001 | I4: =IF(B3=0,0,B4/B3-1) -> -0.19511541
A5: Apr | B5: ='Profit and Loss'!E6 -> 9551 | C5: ='Profit and Loss'!E12 -> 5922 | D5: ='Profit and Loss'!E13 -> 0.62003979 | E5: ='Profit and Loss'!E26 -> 3442 | F5: ='Profit and Loss'!E29 -> 2421 | G5: ='Profit and Loss'!E30 -> 0.25348131 | H5: =SUM($F$2:F5) -> 8422 | I5: =IF(B4=0,0,B5/B4-1) -> 0.061576081
A6: May | B6: ='Profit and Loss'!F6 -> 13665 | C6: ='Profit and Loss'!F12 -> 8807 | D6: ='Profit and Loss'!F13 -> 0.64449323 | E6: ='Profit and Loss'!F26 -> 3723 | F6: ='Profit and Loss'!F29 -> 5026 | G6: ='Profit and Loss'!F30 -> 0.36780095 | H6: =SUM($F$2:F6) -> 13448 | I6: =IF(B5=0,0,B6/B5-1) -> 0.43074024
A7: Jun | B7: ='Profit and Loss'!G6 -> 9819 | C7: ='Profit and Loss'!G12 -> 5938 | D7: ='Profit and Loss'!G13 -> 0.6047459 | E7: ='Profit and Loss'!G26 -> 3362 | F7: ='Profit and Loss'!G29 -> 2519 | G7: ='Profit and Loss'!G30 -> 0.25654344 | H7: =SUM($F$2:F7) -> 15967 | I7: =IF(B6=0,0,B7/B6-1) -> -0.28144896
A8: Jul | B8: ='Profit and Loss'!H6 -> 8699 | C8: ='Profit and Loss'!H12 -> 5356 | D8: ='Profit and Loss'!H13 -> 0.61570295 | E8: ='Profit and Loss'!H26 -> 3330 | F8: ='Profit and Loss'!H29 -> 1970 | G8: ='Profit and Loss'!H30 -> 0.22646281 | H8: =SUM($F$2:F8) -> 17937 | I8: =IF(B7=0,0,B8/B7-1) -> -0.11406457
A9: Aug | B9: ='Profit and Loss'!I6 -> 12112 | C9: ='Profit and Loss'!I12 -> 7748 | D9: ='Profit and Loss'!I13 -> 0.63969617 | E9: ='Profit and Loss'!I26 -> 3294 | F9: ='Profit and Loss'!I29 -> 4399 | G9: ='Profit and Loss'!I30 -> 0.36319353 | H9: =SUM($F$2:F9) -> 22336 | I9: =IF(B8=0,0,B9/B8-1) -> 0.39234395
A10: Sep | B10: ='Profit and Loss'!J6 -> 14141 | C10: ='Profit and Loss'!J12 -> 9248 | D10: ='Profit and Loss'!J13 -> 0.65398487 | E10: ='Profit and Loss'!J26 -> 3840 | F10: ='Profit and Loss'!J29 -> 5354 | G10: ='Profit and Loss'!J30 -> 0.37861537 | H10: =SUM($F$2:F10) -> 27690 | I10: =IF(B9=0,0,B10/B9-1) -> 0.16751982
A11: Oct | B11: ='Profit and Loss'!K6 -> 15636 | C11: ='Profit and Loss'!K12 -> 10015 | D11: ='Profit and Loss'!K13 -> 0.64050908 | E11: ='Profit and Loss'!K26 -> 4732 | F11: ='Profit and Loss'!K29 -> 5230 | G11: ='Profit and Loss'!K30 -> 0.33448452 | H11: =SUM($F$2:F11) -> 32920 | I11: =IF(B10=0,0,B11/B10-1) -> 0.10572095
A12: Nov | B12: ='Profit and Loss'!L6 -> 17570 | C12: ='Profit and Loss'!L12 -> 10860 | D12: ='Profit and Loss'!L13 -> 0.61809903 | E12: ='Profit and Loss'!L26 -> 6787 | F12: ='Profit and Loss'!L29 -> 4021 | G12: ='Profit and Loss'!L30 -> 0.228856 | H12: =SUM($F$2:F12) -> 36941 | I12: =IF(B11=0,0,B12/B11-1) -> 0.12368892
A13: Dec | B13: ='Profit and Loss'!M6 -> 21651 | C13: ='Profit and Loss'!M12 -> 13542 | D13: ='Profit and Loss'!M13 -> 0.62546765 | E13: ='Profit and Loss'!M26 -> 6072 | F13: ='Profit and Loss'!M29 -> 7419 | G13: ='Profit and Loss'!M30 -> 0.34266316 | H13: =SUM($F$2:F13) -> 44360 | I13: =IF(B12=0,0,B13/B12-1) -> 0.23227092
A14: Average | B14: =AVERAGE(B2:B13) -> 12533.75 | C14: =AVERAGE(C2:C13) -> 7916.5833 | D14: =IF(B14=0,0,C14/B14) -> 0.63162129 | E14: =AVERAGE(E2:E13) -> 4163.4167 | F14: =AVERAGE(F2:F13) -> 3696.6667 | G14: =IF(B14=0,0,F14/B14) -> 0.294937
A15: Highest month | B15: =MAX(B2:B13) -> 21651 | C15: =MAX(C2:C13) -> 13542 | D15: =MAX(D2:D13) -> 0.65398487 | E15: =MAX(E2:E13) -> 6787 | F15: =MAX(F2:F13) -> 7419 | G15: =MAX(G2:G13) -> 0.37861537
A16: Lowest month | B16: =MIN(B2:B13) -> 7386 | C16: =MIN(C2:C13) -> 4638 | D16: =MIN(D2:D13) -> 0.6047459 | E16: =MIN(E2:E13) -> 3294 | F16: =MIN(F2:F13) -> 1137 | G16: =MIN(G2:G13) -> 0.15393989
